[Event "*** Titled Tuesday Blitz"]
[Site "Chess.com"]
[Date "2018.11.06"]
[Round "6"]
[White "Jenia84"]
[Black "alishersuleymenov"]
[Result "1-0"]
[WhiteElo "2253"]
[BlackElo "2467"]
[TimeControl "180+2"]
[EndTime "14:20:02 PST"]
[Termination "Jenia84 won by resignation"]

1. d4 Nf6 2. Bf4 g6 3. e3 Bg7 4. Nc3 c5 5. Nf3 O-O 6. Qd2 b6 7. h4 Bb7 8. Be2 d6 9. O-O-O Nbd7 10. Rdg1 a6 11. g4 b5 12. g5 b4 13. gxf6 bxc3 14. Qxc3 Nxf6 15. h5 Ne4 16. Qe1 Rc8 17. Rh3 Qb6 18.
hxg6 fxg6 19. Bh6 cxd4 20. Bxg7 Kxg7 21. Nxd4 Rxf2 22. Bd3 Rf6 23. Qh4 Rh8 24. Bxe4 Bxe4 25. Qxe4 e5 26. Nf5+ Kf8 27. Qa8+ Kf7 28. Qxh8 h5 29.
Qg7+ Ke6 30. Rxg6 Qd8 31. Rxf6+ Qxf6 32. Qxf6+ Kxf6 33. Rxh5 1-0

[Event "*** Titled Tuesday Blitz"]
[Site "Chess.com"]
[Date "2018.11.06"]
[Round "6"]
[White "731291"]
[Black "Barcelona_Guy"]
[Result "1-0"]
[WhiteElo "2572"]
[BlackElo "2475"]
[TimeControl "180+2"]
[EndTime "14:20:04 PST"]
[Termination "731291 won by checkmate"]

1. Nf3 d5 2. g3 Nd7 3. d4 Ngf6 4. Bg2 e6 5. O-O b5 6. a4 b4 7. c4 bxc3 8. Nxc3 Ba6 9. Bf4 Bb4 10. Ne5 Nxe5 11.
dxe5 Nd7 12. Nb5 O-O 13. Qc2 c5 14. Rfd1 Bxb5 15. axb5 Qb6 16. e4 d4 17. Bf1 h6 18.
h4 Rfc8 19. Ra6 Qd8 20. Rda1 Nb6 21. b3 Rc7 22. Bd3 Qe7 23. Rxb6 axb6 24. Rxa8+ Kh7 25. h5 Ra7 26. Rxa7 Qxa7 27. Kg2 Qa1 28. Qc1 Qa2 29. Qb1 Qa3 30. Bc1 Qa5 31. Qc2 Bc3 32. Qe2 Qa1 33. Qc2 Qa7 34. Bd2 Ba1 35. b4 cxb4 36. Bxb4 Qa8 37.
Qc6 Qd8 38. Bd6 Bc3 39. Qc7 Qe8 40. Qxb6 Qa8 41. Qc7 Qe8 42. b6 Be1 43. b7 Qa4 44. Qxf7 Qa2 45. Qg6+ Kg8 46. b8=Q# 1-0

[Event "*** Titled Tuesday Blitz"]
[Site "Chess.com"]
[Date "2018.11.06"]
[Round "6"]
[White "enriquetejedor"]
[Black "hypert"]
[Result "1-0"]
[WhiteElo "2496"]
[BlackElo "2371"]
[TimeControl "180+2"]
[EndTime "14:20:06 PST"]
[Termination "enriquetejedor won by resignation"]

1. d4 Nf6 2. c4 d6 3. Nc3 Nbd7 4. g3 e5 5. Bg2 exd4 6. Qxd4 g6 7. b3 Bg7 8. Bb2 O-O 9. Nf3 Re8 10. O-O Ne4 11.
Qxg7+ Kxg7 12. Nxe4+ f6 13. Nd4 Nc5 14. Nc3 a5 15.
Rad1 c6 16. Rd2 Qe7 17. Rfd1 Rd8 18. Nc2 Bf5 19. Ne3 Be6 20. h3 Rd7 21. Kh2 Rad8 22. Ba3 Bf7 23. Bb2 h5 24. h4 Be6 25. Nc2 Bf5 26. Nd4 Be4 27. f3 Bf5 28. e4 Be6 29.
Nde2 Bf7 30. Nf4 a4 31. b4 Na6 32. Nxa4 Bxc4 33. Nb6 Bxa2 34. Nxd7 Rxd7 35. Bh3 Rd8 36. b5 Nc5 37. bxc6 bxc6 38. Ba3 Nb7 39. Rxa2 Ra8 40. Rda1 Nc5 41. Bxc5 Rxa2+ 42. Rxa2 dxc5 43. Rc2 Qd6 44. Rxc5 Qd2+ 45. Bg2 g5 46. hxg5 fxg5 47. Rxg5+ Kf6 48. Rxh5 Qf2 49. Rh6+ Ke5 50. Nd3+ 1-0

[Event "*** Titled Tuesday Blitz"]
[Site "Chess.com"]
[Date "2018.11.06"]
[Round "6"]
[White "Vrolijk"]
[Black "RichardLeyvaP"]
[Result "0-1"]
[WhiteElo "2642"]
[BlackElo "2476"]
[TimeControl "180+2"]
[EndTime "14:20:06 PST"]
[Termination "RichardLeyvaP won by resignation"]

1. Nf3 Nf6 2. c4 g6 3. Nc3 Bg7 4. e4 d6 5. d4 O-O 6. Be2 e5 7. d5 a5 8. Bg5 h6 9. Bh4 Na6 10. Nd2 Bd7 11. O-O h5 12. a3 Bh6 13. f3 a4 14. Kh1 Nc5 15. Qc2 Bxd2 16. Qxd2 Nfxe4 17.
Bxd8 Nxd2 18. Bxc7 Nxf1 19. Rxf1 Ra6 20. Nb5 Rc8 21.
Kg1 Nb3 22. c5 Bxb5 23. cxd6 Bxe2 24. d7 Raa8 25. dxc8=Q+ Rxc8 26. d6 Bb5 27. Re1 f6 28.
f4 Re8 29. fxe5 Rxe5 30. Rd1 Bd7 31. h3 Kf7 32. Rd3 h4 33. Rc3 g5 34. Bd8 Rd5 35.
Be7 Rd1+ 36. Kf2 Bc6 37. g3 Rd2+ 38. Ke3 hxg3 39. Rc1 Nxc1 0-1

[Event "*** Titled Tuesday Blitz"]
[Site "Chess.com"]
[Date "2018.11.06"]
[Round "6"]
[White "Jospem"]
[Black "RaphaeI"]
[Result "1-0"]
[WhiteElo "2814"]
[BlackElo "2581"]
[TimeControl "180+2"]
[EndTime "14:20:15 PST"]
[Termination "Jospem won by checkmate"]

1. e4 c5 2. Nf3 g6 3. d4 cxd4 4. Nxd4 Nc6 5. c4 Bg7 6. Be3 Nf6 7. Nc3 Ng4 8. Qxg4 Nxd4 9. Qd1 e5 10. Bd3 O-O 11.
O-O d6 12. a4 Be6 13. a5 a6 14. Qa4 f5 15. exf5 gxf5 16. Bxd4 exd4 17. Nd5 Bxd5 18. cxd5 f4 19. Rfe1 Be5 20. Qb3 Rf7 21. Be4 Rc8 22. Ra3 Kh8 23. Qh3 Rc5 24. Rea1 Qc7 25. Rf1 Rg7 26. Qh6 Qf7 27. g3 Qf6 28. Qh5 Qg5 29. Qf3 h5 30. Kh1 h4 31. Bb1 Rc8 32. g4 Rc5 33. h3 Qd8 34. Qe4 Rxa5 35. Rxa5 Qxa5 36. Qf5 Qc7 37. Qh5+ Kg8 38. Bf5 f3 39.
Qe8# 1-0

[Event "*** Titled Tuesday Blitz"]
[Site "Chess.com"]
[Date "2018.11.06"]
[Round "6"]
[White "VladimirPotkin"]
[Black "mitrabhaa"]
[Result "1-0"]
[WhiteElo "2611"]
[BlackElo "2606"]
[TimeControl "180+2"]
[EndTime "14:20:15 PST"]
[Termination "VladimirPotkin won by resignation"]

1. c4 Nf6 2. Nc3 e5 3. Nf3 d6 4. d4 Nbd7 5. e4 g6 6. Be2 Bg7 7. O-O O-O 8. Be3 Nh5 9. Qd2 Re8 10. Rad1 a6 11. Rfe1 Nhf6 12. Bg5 c6 13. b4 Qc7 14. d5 c5 15. a3 b6 16. Rb1 Nh5 17. Bd1 Nf4 18.
Ba4 h6 19. Bxf4 exf4 20. bxc5 bxc5 21. e5 dxe5 22. d6 Qa5 23. Bc6 Ra7 24. Qc2 Rd8 25. Nd5 Nf6 26. Ne7+ Kh7 27. Nxc8 Rxc8 28. Nxe5 Ng4 29.
d7 Rb8 30. Nxg4 h5 31. Ne5 Rxb1 32. Qxb1 Qc7 33. Nxf7 Qxc6 34. Ng5+ Kh6 35. d8=Q Rd7 36. Qbb8 Rxd8 37. Qxd8 Bf6 38. Nf7+ Kg7 39. Qd6 Qa4 40. Nd8 Qa5 41. Ne6+ Kh7 42. Qd7+ Kh6 43. Rd1 Qxa3 44. g3 Qf3 45. Qd6 fxg3 46. hxg3 Bd4 47. Qf4+ Qxf4 48.
Nxf4 a5 49. Ne6 1-0

[Event "*** Titled Tuesday Blitz"]
[Site "Chess.com"]
[Date "2018.11.06"]
[Round "6"]
[White "NateSolon"]
[Black "GCamachoMartinez"]
[Result "1/2-1/2"]
[WhiteElo "2515"]
[BlackElo "2324"]
[TimeControl "180+2"]
[EndTime "14:20:15 PST"]
[Termination "Game drawn by repetition"]

1. e4 e5 2. Nf3 Nf6 3. Nxe5 d6 4. Nf3 Nxe4 5. d3 Nf6 6. d4 d5 7. Bd3 Bd6 8. O-O O-O 9. Bg5 Bg4 10. Nbd2 Nbd7 11.
c3 c6 12. Qc2 Qc7 13. a4 Bh5 14. a5 a6 15. b4 Bg6 16. Bxg6 hxg6 17. Bh4 Rfe8 18. Nb3 Re4 19. Bg3 Bxg3 20. hxg3 Rae8 21. Rfe1 Rxe1+ 22. Rxe1 Rxe1+ 23. Nxe1 Ne4 24. Nd3 Qd6 25. Nd2 Qe7 26. Nf3 g5 27. Nfe5 f6 28. Nxd7 Qxd7 29. Nc5 Nxc5 30. bxc5 Qe6 31. Kf1 g4 32. Qb1 Qd7 33. Qg6 Qe6 34. Qb1 Qd7 35. Qg6 Qd8 36. Qxg4 Qxa5 37. Qc8+ Kh7 38. Qh3+ Kg8 39. Qc8+ Kh7 40.
Qh3+ Kg8 41. Qc8+ 1/2-1/2

[Event "*** Titled Tuesday Blitz"]
[Site "Chess.com"]
[Date "2018.11.06"]
[Round "6"]
[White "mc4chess"]
[Black "SaraciNderim"]
[Result "1-0"]
[WhiteElo "2488"]
[BlackElo "2656"]
[TimeControl "180+2"]
[EndTime "14:20:19 PST"]
[Termination "mc4chess won by resignation"]

1. Nf3 d6 2. c4 e5 3. d3 f5 4. g3 Nf6 5. Bg2 g6 6. O-O Bg7 7. Nc3 O-O 8. Rb1 a5 9. a3 Qe8 10. b4 axb4 11. axb4 h6 12. Nd2 c6 13. Bb2 Be6 14.
Ra1 Na6 15. b5 Nc5 16. Nb3 Rxa1 17. Bxa1 Nxb3 18. Qxb3 g5 19. bxc6 bxc6 20. Qb6 Qh5 21. Qxc6 f4 22. Qxd6 Bh3 23. Nd5 Bxg2 24. Kxg2 Qxe2 25.
Bxe5 fxg3 26. Nxf6+ Bxf6 27. Bxf6 gxf2 28. Qd5+ Rf7 29.
Be5 Qg4+ 30. Bg3 h5 31. Rxf2 1-0

[Event "*** Titled Tuesday Blitz"]
[Site "Chess.com"]
[Date "2018.11.06"]
[Round "6"]
[White "saikrishnaReturns"]
[Black "poummba"]
[Result "1-0"]
[WhiteElo "2613"]
[BlackElo "2411"]
[TimeControl "180+2"]
[EndTime "14:20:26 PST"]
[Termination "saikrishnaReturns won by resignation"]

1. e4 e5 2. Nf3 Nf6 3. Nxe5 d6 4. Nf3 Nxe4 5. Nc3 Nxc3 6. dxc3 Be7 7. Bf4 O-O 8. Qd2 Nd7 9. O-O-O Nc5 10. Bc4 Be6 11. Bd5 Qd7 12. Rhe1 Rfe8 13. Kb1 Bf6 14. Bg5 Bxd5 15.
Qxd5 Bxg5 16. Rxe8+ Rxe8 17. Qxc5 dxc5 18. Rxd7 Rd8 19.
Rxd8+ Bxd8 20. c4 Bf6 21. c3 Kf8 22. Nd2 Ke7 23. Ne4 b6 24. f4 h5 25. Kc2 Ke6 26. Kd3 Be7 27. g3 Kf5 28. Ke3 Kg4 29. Nf2+ Kf5 30. h3 g6 31. g4+ hxg4 32. hxg4+ Ke6 33.
Nd3 Bd6 34. Ke4 f5+ 35. gxf5+ gxf5+ 36. Kf3 c6 37. Kg3 Kf6 38. Ne1 a5 39. a4 Kg6 40.
Ng2 Be7 41. Ne3 Bd6 42. Nc2 Be7 43. Ne1 Bd6 44. Kf3 Kf6 45. Nd3 Kg6 46. Kg2 Kf6 47. Kg3 Ke6 48. Kh4 Kf6 49. Kh5 Bc7 50. Kh6 Bd6 51.
Kh7 Bc7 52. Kg8 Kg6 53. Kf8 Kh5 54. Ke7 Kg4 55. Kd7 Bxf4 56. Kxc6 Be3 57. Kxb6 f4 58. Nxf4 Kxf4 59. Kxa5 Ke5 60. Kb6 Kd6 61. a5 Kd7 62. a6 Bf4 63. a7 1-0

[Event "*** Titled Tuesday Blitz"]
[Site "Chess.com"]
[Date "2018.11.06"]
[Round "6"]
[White "xavielhumilde_1999"]
[Black "danyuffa"]
[Result "0-1"]
[WhiteElo "2318"]
[BlackElo "2656"]
[TimeControl "180+2"]
[EndTime "14:20:27 PST"]
[Termination "danyuffa won by resignation"]

1. e4 Nf6 2. Nc3 d5 3. e5 Ne4 4. d3 Nxc3 5. bxc3 c5 6. d4 Nc6 7. Nf3 Bf5 8. Rb1 e6 9. Bd3 Bxd3 10. Qxd3 Qc7 11. Qb5 b6 12. O-O Be7 13. c4 dxc4 14. Qxc4 cxd4 15. Nxd4 Rc8 16. Nb5 Qxe5 17. Bf4 Qc5 18.
Nc7+ Kf8 19. Qa6 Rd8 20. Rfd1 g5 21. Be3 Qe5 22. Rxd8+ Bxd8 23. Nb5 Kg7 24. Nxa7 Nxa7 25. Qxa7 Qe4 26. Bxb6 Bxb6 27. Qxb6 Qxc2 28. Qb2+ Qxb2 29. Rxb2 Ra8 30. f3 h5 31. Kf2 Ra3 32. Re2 Kg6 33. g3 Kf5 34. Rb2 e5 35. h3 g4 36. hxg4+ hxg4 37.
fxg4+ Kxg4 38. Re2 f6 39. Re4+ Kf5 40. Re2 e4 41.
Kg2 Ke5 42. Rb2 f5 43. Re2 Kd4 0-1

[Event "*** Titled Tuesday Blitz"]
[Site "Chess.com"]
[Date "2018.11.06"]
[Round "6"]
[White "Polish_fighter3000"]
[Black "mouseWLZ"]
[Result "1-0"]
[WhiteElo "2971"]
[BlackElo "2260"]
[TimeControl "180+2"]
[EndTime "14:20:27 PST"]
[Termination "Polish_fighter3000 won by resignation"]

1. d4 Nf6 2. c4 e6 3. g3 d5 4. Bg2 Bb4+ 5. Nd2 O-O 6. Nf3 b6 7. a3 Be7 8. O-O Bb7 9. cxd5 exd5 10. b4 c5 11. bxc5 bxc5 12. Rb1 Qc7 13. dxc5 Bxc5 14. Nb3 Bb6 15. Bf4 Qe7 16. Nbd4 Qxa3 17. Nb5 Qa5 18. Nfd4 Nc6 19. Ra1 Qb4 20. Bd6 Qb2 21.
Ba3 Bxd4 22. Bxb2 Bxb2 23. Rb1 Be5 24. Nc7 Bxc7 25. Rxb7 Bb6 26. Bxd5 Rad8 27. Bxc6 Rxd1 28. Rxd1 g6 29. e3 Rc8 30. Bd5 Nxd5 31. Rxd5 Kg7 32.
Rdd7 Rf8 33. g4 h6 34. Kg2 g5 35. h4 gxh4 36. Kh3 Kg6 37. Kxh4 Bd8+ 38. Kh3 Bb6 39.
Kg3 Kg7 40. e4 Kf6 41. f4 Kg6 42. e5 Kg7 43. Kh4 Kg6 44. f5+ Kg7 45. Kh5 Be3 46.
e6 Kf6 47. Rxf7+ Rxf7 48. Rxf7+ 1-0

[Event "*** Titled Tuesday Blitz"]
[Site "Chess.com"]
[Date "2018.11.06"]
[Round "6"]
[White "OK97"]
[Black "Jbd735"]
[Result "0-1"]
[WhiteElo "2721"]
[BlackElo "2500"]
[TimeControl "180+2"]
[EndTime "14:20:27 PST"]
[Termination "Jbd735 won by resignation"]

1. Nf3 d5 2. g3 Nf6 3. Bg2 c6 4. O-O Bf5 5. d3 h6 6. c4 e6 7.
cxd5 exd5 8. Qb3 Qb6 9. Qc2 Be7 10. Nc3 Bh7 11. e4 dxe4 12. dxe4 O-O 13. Be3 Qa5 14.
Rfd1 Re8 15. a3 Nbd7 16. b4 Qh5 17. h3 g5 18. Nd4 Ne5 19. Qb3 Rad8 20. f3 Rxd4 21.
Bxd4 Nxf3+ 22. Kh1 g4 23. h4 Bd8 24. Bf2 Bc7 25. Ne2 Nxe4 26. Be3 Nxg3+ 27. Nxg3 Qxh4+ 0-1

[Event "*** Titled Tuesday Blitz"]
[Site "Chess.com"]
[Date "2018.11.06"]
[Round "6"]
[White "Bad4life"]
[Black "sandager"]
[Result "0-1"]
[WhiteElo "2284"]
[BlackElo "2141"]
[TimeControl "180+2"]
[EndTime "14:20:28 PST"]
[Termination "sandager won by resignation"]

1. e4 e5 2. Nf3 Nc6 3. Bb5 a6 4.
Bxc6 dxc6 5. d3 f6 6. Be3 Be6 7. Nbd2 Bd6 8. Nc4 Ne7 9. a4 Qd7 10. a5 O-O-O 11. Qb1 c5 12. Nfd2 Nc6 13. Ra3 Nd4 14.
O-O Be7 15. Nb3 Qc6 16. Kh1 Bxc4 17. dxc4 Nxb3 18. cxb3 Rd7 19. Ra1 Rhd8 20. f3 Rd3 21. Bg1 Rxb3 22. Qc2 Rbd3 23. Rfb1 Qd7 24. b4 Rd2 25. Qc1 Qd3 26. bxc5 Rc2 27. Qe1 Qxc4 28. Rd1 Rxd1 29. Qxd1 Bxc5 30. Bxc5 Qxc5 31. f4 exf4 32.
Qg4+ Kb8 33. Qxf4 Qf2 34. Qg4 g5 35. Rg1 Re2 36. Qd7 Re1 37. Qd8+ Ka7 38. Qd4+ Qxd4 39. Rxe1 Qd2 40. Rf1 Qe3 41. h3 Qxe4 42. Rxf6 Qe1+ 43. Kh2 0-1

[Event "*** Titled Tuesday Blitz"]
[Site "Chess.com"]
[Date "2018.11.06"]
[Round "6"]
[White "PowerThinking2650"]
[Black "Manukyan_Artak"]
[Result "0-1"]
[WhiteElo "2305"]
[BlackElo "2428"]
[TimeControl "180+2"]
[EndTime "14:20:32 PST"]
[Termination "Manukyan_Artak won by resignation"]

1. e4 c6 2. d4 d5 3. Nc3 dxe4 4. Nxe4 Nf6 5. Nxf6+ exf6 6. c3 Bd6 7. Bd3 O-O 8.
Qc2 h6 9. Ne2 b5 10. Be3 Nd7 11. Ng3 Nb6 12. O-O-O Re8 13. Nf5 Bf8 14. Kb1 Nc4 15.
Bc1 a5 16. h4 Be6 17. g4 a4 18.
g5 a3 19. b3 Nb2 20. Rdg1 Nxd3 21. Qxd3 Qd5 22. Ne3 Qf3 23. gxh6 g6 24. Rxg6+ fxg6 25. Qxg6+ Kh8 26. Rg1 Re7 27. Rg3 Qxf2 28. Rg2 Qf4 29. Ka1 Qxh6 30. Qg3 Rg7 31. Qf2 Rxg2 32. Qxg2 Bd5 33.
Qf1 Qg6 34. h5 Qxh5 35. Qxf6+ Bg7 36. Qf1 Rf8 37. Qg1 0-1

[Event "*** Titled Tuesday Blitz"]
[Site "Chess.com"]
[Date "2018.11.06"]
[Round "6"]
[White "Alexander_Moskalenko"]
[Black "joppie2"]
[Result "1-0"]
[WhiteElo "2873"]
[BlackElo "2689"]
[TimeControl "180+2"]
[EndTime "14:20:33 PST"]
[Termination "Alexander_Moskalenko won by resignation"]

1. d4 Nf6 2. Nf3 d5 3. c4 e6 4. e3 Be7 5. Nc3 a6 6. a3 O-O 7. Bd2 c5 8. dxc5 Bxc5 9. b4 Be7 10. Rc1 Nc6 11. cxd5 exd5 12. Be2 d4 13. exd4 Nxd4 14. Nxd4 Qxd4 15. O-O Be6 16. Be3 Qh4 17. Qd4 Qxd4 18. Bxd4 Rfd8 19. Rfd1 Nd5 20. Bf3 Bg5 21. Ra1 Rac8 22. Ne4 Be7 23. Nc5 Bxc5 24. Bxc5 h6 25. h4 Rd7 26. Rd2 b6 27. Bxd5 Rxd5 28. Rxd5 Bxd5 29. Bxb6 Rc4 30. Rd1 Be6 31. Rd8+ Kh7 32. Ra8 Rc6 33. Bc5 Bc4 34. a4 Rg6 35. Rd8 Bb3 36.
b5 Bxa4 37. b6 Bc6 38. Rc8 Bxg2 39. Kh2 Be4 40. Rc7 Rc6 41. b7 Rxc5 42. b8=Q 1-0

[Event "*** Titled Tuesday Blitz"]
[Site "Chess.com"]
[Date "2018.11.06"]
[Round "6"]
[White "Assasin14"]
[Black "tactics321"]
[Result "0-1"]
[WhiteElo "2246"]
[BlackElo "2412"]
[TimeControl "180+2"]
[EndTime "14:20:33 PST"]
[Termination "tactics321 won by resignation"]

1. e4 c5 2. Nf3 Nc6 3. Bb5 g6 4. Bxc6 bxc6 5. d3 Bg7 6. O-O Nh6 7. c3 O-O 8. d4 cxd4 9. cxd4 d5 10. e5 f6 11. Bf4 Nf7 12. Re1 g5 13. Bg3 Bg4 14.
exf6 exf6 15. Nbd2 f5 16. Qa4 f4 17. Qxc6 fxg3 18.
hxg3 Qd6 19. Qa4 Bd7 20. Qa5 g4 21. Ne5 Nxe5 22. dxe5 Bxe5 23. Nc4 dxc4 24. Rxe5 Qf6 25. Qd5+ Qf7 26. Rg5+ Kh8 27. Qd4+ Qf6 28. Qd2 Rad8 29.
Rf1 c3 30. Qxc3 Qxc3 31. bxc3 Rc8 32. Rc1 Rf6 33. c4 Rfc6 34. c5 h6 35. Rh5 Kg7 36.
Rc2 Kg6 37. Rd5 Be6 38. Re5 Kf6 39. Rh5 Kg6 40. Re5 Bf5 41. Rc3 Kf6 42. Rd5 Ke6 43. Rd8 Rxd8 0-1

[Event "*** Titled Tuesday Blitz"]
[Site "Chess.com"]
[Date "2018.11.06"]
[Round "6"]
[White "eljanov"]
[Black "GukeshDommaraju"]
[Result "1-0"]
[WhiteElo "2824"]
[BlackElo "2668"]
[TimeControl "180+2"]
[EndTime "14:20:36 PST"]
[Termination "eljanov won by resignation"]

1. d4 d5 2. c4 c6 3. Nf3 Nf6 4. e3 e6 5. Bd3 dxc4 6. Bxc4 b5 7.
Bd3 a6 8. a4 Bb7 9. O-O Nbd7 10. Qe2 Be7 11. e4 O-O 12. Nbd2 c5 13. axb5 axb5 14.
Rxa8 Bxa8 15. Bxb5 cxd4 16. e5 Nd5 17. Nb3 Nc7 18.
Bd3 Bxf3 19. gxf3 Nc5 20. Nxc5 Bxc5 21. Qc2 Qe7 22. Bxh7+ Kh8 23. Be4 f5 24. exf6 gxf6 25. f4 f5 26. Bf3 Rg8+ 27. Kh1 Bd6 28. Rg1 Rxg1+ 29. Kxg1 Qg7+ 30. Kf1 Qh6 31. Qd2 Qf6 32. b3 Nb5 33. Bb2 Nc3 34. Bxc3 dxc3 35. Qxd6 c2 36. Qb8+ Kg7 37. Qc7+ Kh6 38. Qxc2 Qa1+ 39. Qd1 Qc3 40. h3 Kg7 41. Kg2 Kh6 42. Qd8 Qg7+ 43. Qg5+ Qxg5+ 44. fxg5+ Kxg5 45. b4 1-0

[Event "*** Titled Tuesday Blitz"]
[Site "Chess.com"]
[Date "2018.11.06"]
[Round "6"]
[White "kleinebeer98"]
[Black "vovachesss"]
[Result "1-0"]
[WhiteElo "2609"]
[BlackElo "2445"]
[TimeControl "180+2"]
[EndTime "14:20:37 PST"]
[Termination "kleinebeer98 won by checkmate"]

1. e4 c6 2. d4 g6 3. f3 Bg7 4. Nc3 d6 5. Be3 Nd7 6. Qd2 b5 7. O-O-O b4 8. Nce2 a5 9. Kb1 Rb8 10. g4 h5 11. gxh5 Rxh5 12. Nf4 Rh8 13. h4 Ngf6 14. Ngh3 a4 15. Ng5 Nb6 16. Qxb4 Qc7 17. Qc3 Nh5 18. a3 c5 19. Nxh5 Rxh5 20. f4 Bg4 21. f5 Bxd1 22. Bb5+ Kd8 23. Nxf7+ Kc8 24. Rxd1 cxd4 25. Ba6+ Kd7 26.
Qd3 dxe3 27. e5 Rxf5 28. exd6 exd6 29. Bb5+ Rxb5 30. Qxb5+ Ke7 31. Nxd6 Nc8 32. Qe8+ Kf6 33. Rf1# 1-0

[Event "*** Titled Tuesday Blitz"]
[Site "Chess.com"]
[Date "2018.11.06"]
[Round "6"]
[White "olksuna"]
[Black "Msb2"]
[Result "0-1"]
[WhiteElo "2560"]
[BlackElo "2878"]
[TimeControl "180+2"]
[EndTime "14:20:40 PST"]
[Termination "Msb2 won by resignation"]

1. c4 e6 2. Nc3 d5 3. d4 Bb4 4. Nf3 Nf6 5. Qa4+ Nc6 6. Bg5 dxc4 7. e3 Bd7 8. Qc2 b5 9. a4 a6 10. Be2 O-O 11. O-O Na5 12. e4 h6 13. Bh4 Be7 14.
axb5 axb5 15. Ne5 Be8 16. Rfd1 Nb3 17. Rxa8 Qxa8 18. d5 Nxd5 19. Nxd5 Bxh4 20. Nxc7 Qa7 21. Nxe8 Qxf2+ 22. Kh1 Nd4 23. Rxd4 Qxd4 24. Nf3 Qd8 25. Nd6 Qxd6 26. Nxh4 Ra8 27. g3 Ra1+ 28. Kg2 Qb4 29. e5 Ra2 30. Qe4 Qxb2 31. Kf3 g5 32.
Ng6 Qxe2+ 33. Qxe2 Rxe2 34. Ne7+ Kf8 35. Kxe2 Kxe7 0-1

[Event "*** Titled Tuesday Blitz"]
[Site "Chess.com"]
[Date "2018.11.06"]
[Round "6"]
[White "GMSrinath"]
[Black "AndrewMcStone"]
[Result "1-0"]
[WhiteElo "2806"]
[BlackElo "2133"]
[TimeControl "180+2"]
[EndTime "14:20:47 PST"]
[Termination "GMSrinath won by resignation"]

1. d4 Nf6 2. Nf3 g6 3. c4 Bg7 4. Nc3 O-O 5. e4 d6 6. Be2 e5 7. O-O exd4 8. Nxd4 Re8 9. f3 c6 10. Kh1 Nbd7 11. Nc2 Nb6 12. Bf4 d5 13. exd5 cxd5 14. c5 Nc4 15. b3 Nh5 16. Nxd5 Nxf4 17. Nxf4 Bxa1 18. Qxa1 Ne3 19. Nxe3 Rxe3 20. Bc4 Be6 21. Nxe6 fxe6 22. Re1 Rxe1+ 23. Qxe1 Kg7 24. Qe5+ Qf6 25. Qc7+ Qf7 26. Qd6 Re8 27. h3 Re7 28. Qb8 Rd7 29. Qe5+ Qf6 30. Qe4 g5 31. Kg1 Rd1+ 32. Kf2 Qd4+ 33.
Qxd4+ Rxd4 34. Ke3 Rd1 35. Ke2 Ra1 36. b4 Kf6 37. Ke3 Rc1 38. Kd4 Rc2 39. b5 Rxg2 40. c6 bxc6 41. bxc6 Rd2+ 42. Kc5 Ke7 43. Ba6 Rc2+ 44.
Bc4 Rxc4+ 45. Kxc4 Kd6 46. Kb5 h5 47. a4 e5 48. c7 Kxc7 49. Kc5 a5 50. Kd5 Kb6 51. Kxe5 Kc5 52. Kf5 Kb4 53. Kxg5 Kxa4 54. f4 Kb3 55. f5 a4 56. f6 a3 57. f7 a2 58. f8=Q a1=Q 59.
Qf7+ Kb4 60. Qf4+ Kb5 61. Kxh5 Qh8+ 62. Kg4 Qg7+ 63. Qg5+ 1-0

[Event "*** Titled Tuesday Blitz"]
[Site "Chess.com"]
[Date "2018.11.06"]
[Round "6"]
[White "saraswathii"]
[Black "2165149677570"]
[Result "0-1"]
[WhiteElo "2267"]
[BlackElo "2393"]
[TimeControl "180+2"]
[EndTime "14:20:47 PST"]
[Termination "2165149677570 won by resignation"]

1. d4 Nf6 2. Bf4 d6 3. e3 b6 4. Nf3 Bb7 5. c3 g6 6. Nbd2 Bg7 7. Be2 O-O 8. O-O Nbd7 9. h3 Re8 10. Re1 e5 11. dxe5 dxe5 12. Bg3 Qe7 13. Bc4 Nh5 14. Bh4 Bf6 15. Bxf6 Ndxf6 16. Ng5 Bd5 17. Bxd5 Nxd5 18. Ngf3 Rad8 19. Qa4 c5 20. Nf1 e4 21.
N3h2 f5 22. Rad1 Ng7 23. Qb3 Qf7 24. Rd2 Nc7 25. Red1 Qxb3 26. axb3 Nge6 27. Rxd8 Rxd8 28. Rxd8+ Nxd8 29. Nd2 Nc6 30. Nc4 b5 31. Nd2 Ne5 32.
f3 exf3 33. Nhxf3 Nd3 34. e4 Nxb2 35. exf5 gxf5 36. Nh4 Nd1 37. Nxf5 Nxc3 38. Ne7+ Kf7 39. Nc6 a6 40. Kf2 Ke6 41. Ke3 Kd6 42. Nd8 N3d5+ 43.
Ke4 Kd7 44. Nb7 Kc6 45. Nd8+ Kb6 46. Nf7 a5 47. Ng5 Nf6+ 48. Ke5 Ncd5 49. Nxh7 Nxh7 50. Kxd5 a4 51. bxa4 bxa4 52. Nc4+ Kb5 53. g4 Nf6+ 54. Ke6 Kxc4 55. Kxf6 a3 56. g5 a2 57. g6 a1=Q+ 58.
Kf7 Qa7+ 59. Kf6 Qb6+ 60. Kf7 Qc7+ 61. Kf6 Qf4+ 62. Ke7 Qh6 0-1

[Event "*** Titled Tuesday Blitz"]
[Site "Chess.com"]
[Date "2018.11.06"]
[Round "6"]
[White "Koksik_13"]
[Black "VladimirBelous"]
[Result "1-0"]
[WhiteElo "2719"]
[BlackElo "2729"]
[TimeControl "180+2"]
[EndTime "14:20:48 PST"]
[Termination "Koksik_13 won on time"]

1. d4 c5 2. d5 g6 3. Nc3 Bg7 4. e4 d6 5. Nf3 Nf6 6. Be2 O-O 7. O-O e6 8. Bg5 exd5 9. Nxd5 Nc6 10. c3 Re8 11.
Nd2 Be6 12. Bc4 Ne5 13. Bb3 b5 14. f4 Ned7 15. Kh1 c4 16. Bc2 Bxd5 17. exd5 Qb6 18. f5 Re5 19. Qf3 Rae8 20. Rad1 Qc5 21. h4 Kh8 22. Qh3 Rxd5 23. b4 cxb3 24. Bxb3 Rxf5 25. Bxf7 Rf8 26. Be6 Rxf1+ 27. Rxf1 Ne5 28. Bxf6 Rxf6 29. Rxf6 Bxf6 30. Ne4 Qa3 31. Qe3 Bxh4 32. Qh6 Be7 33. Nf6 1-0

[Event "*** Titled Tuesday Blitz"]
[Site "Chess.com"]
[Date "2018.11.06"]
[Round "6"]
[White "Mikhail_Golubev"]
[Black "Lovkov_Roman"]
[Result "0-1"]
[WhiteElo "2439"]
[BlackElo "2610"]
[TimeControl "180+2"]
[EndTime "14:20:49 PST"]
[Termination "Lovkov_Roman won by resignation"]

1. e4 c6 2. d4 d5 3. Nc3 dxe4 4. Nxe4 Bf5 5. Ng3 Bg6 6. c3 e6 7. Nh3 Qc7 8. Nf4 Nf6 9. h4 Bd6 10. Qf3 Nbd7 11. h5 Bc2 12. h6 g6 13. Bd3 Bxd3 14.
Nxd3 Rg8 15. Bg5 Nd5 16. Ne4 f6 17. Qh3 Kf7 18. O-O-O Rge8 19. Bd2 b5 20. Rhe1 a5 21. Re2 Bf8 22. Rde1 a4 23. g3 a3 24. b3 Ra6 25. Nf4 Nxf4 26. Bxf4 e5 27. dxe5 Nxe5 28. Nxf6 Nd3+ 29. Kb1 Rxe2 30. Bxc7 Rb2+ 31. Ka1 Nxe1 32. Qd7+ Be7 33. Qe8+ Kxf6 34. Be5+ Ke6 35. Qc8+ Kf7 0-1

[Event "*** Titled Tuesday Blitz"]
[Site "Chess.com"]
[Date "2018.11.06"]
[Round "6"]
[White "DiogenesSinopeus"]
[Black "CarlssonLudvig"]
[Result "1-0"]
[WhiteElo "2406"]
[BlackElo "2258"]
[TimeControl "180+2"]
[EndTime "14:20:50 PST"]
[Termination "DiogenesSinopeus won by resignation"]

1. d4 d5 2. c4 e6 3. Nc3 a6 4.
Nf3 dxc4 5. e4 b5 6. a4 Bb7 7. axb5 axb5 8. Rxa8 Bxa8 9. Nxb5 Bxe4 10. Bxc4 Nf6 11.
O-O c6 12. Nc3 Bd5 13. Nxd5 cxd5 14. Bb5+ Nbd7 15. Qa4 Be7 16. Ne5 h6 17. Bd2 Bd6 18. Rc1 O-O 19. Nxd7 Bxh2+ 20. Kxh2 Ng4+ 21. Kg3 h5 22. Nxf8 Qf6 23. Bf4 Qf5 24. Qa8 g5 25. Nxe6+ Kh7 26.
Nxg5+ Kg7 27. Rc8 h4+ 28. Kxh4 Nf6 29. Kg3 Qg4+ 30. Kh2 Qxf4+ 31. Kg1 Qxg5 32. Rc3 Ng4 33. Qa1 Qf4 34. Rh3 Qxf2+ 35. Kh1 Qxd4 36. Rg3 Kh8 37.
Qe1 Nf2+ 38. Kh2 Qf4 39. Qe8+ 1-0

[Event "*** Titled Tuesday Blitz"]
[Site "Chess.com"]
[Date "2018.11.06"]
[Round "6"]
[White "chessdjw"]
[Black "Samuray111"]
[Result "1-0"]
[WhiteElo "2603"]
[BlackElo "2596"]
[TimeControl "180+2"]
[EndTime "14:20:51 PST"]
[Termination "chessdjw won by resignation"]

1. d4 Nf6 2. c4 e6 3. Nf3 b6 4.
g3 Bb7 5. Bg2 Be7 6. O-O O-O 7.
Nc3 Ne4 8. Bd2 Nxd2 9. Qxd2 d6 10. b4 a5 11. b5 Nd7 12. e3 Bf6 13. Ne1 Qc8 14. a4 g6 15. Nd3 Bg7 16. Bc6 Nb8 17.
d5 e5 18. f4 Nd7 19. f5 e4 20. Nxe4 Bxc6 21. bxc6 Nf6 22. Nxf6+ Bxf6 23. Rae1 Qd8 24. e4 Re8 25. Kg2 Qe7 26. Qf2 Kg7 27. Re3 Bg5 28. e5 dxe5 29. f6+ Qxf6 30. Rf3 Qd6 31. Rxf7+ Kg8 32. Rd7 Qf8 33. Qxf8+ Rxf8 34. Rxf8+ Rxf8 35. Nxe5 Be3 36. Rxc7 Rf2+ 37. Kh3 Rd2 38. Rd7 Bg1 39. c7 Rxh2+ 40. Kg4 1-0